 Dungeon Crawl Stone Soup version 0.25-a0-869-g05d4e06 (webtiles) character file.

Game seed: 12736680990893267498, levelgen mode: deterministic

160 Gunnerkreig the Sneak (level 5, -5/34 HPs)
             Began as an Octopode Wizard on Apr 30, 2020.
             Killed by divine providence
             ... invoked by an orc priest
              (14 damage)
             ... on level 4 of the Dungeon.
             The game lasted 00:07:53 (3165 turns).

Gunnerkreig the Sneak (Octopode Wizard)             Turns: 3165, Time: 00:07:55

Health: -5/34      AC:  1    Str:  6    XL:     5   Next: 41%
Magic:  7/10       EV: 13    Int: 22    God:
Gold:   159        SH:  0    Dex: 10    Spells: 3/11 levels left

rFire    + . .     SeeInvis .   s - +3 dagger
rCold    . . .     Gourm    .   (no shield)
rNeg     . . .     Faith    .   a - +0 hat
rPois    .         Spirit   .   (no amulet)
rElec    .         Reflect  .   e - ring of protection from fire
rCorr    .         Harm     .   (no ring)
MR       .....                  (no ring)
Stlth    +++.......             (no ring)
HPRegen  0.11/turn              (no ring)
MPRegen  0.12/turn              (no ring)
                                (no ring)
                                (no ring)

@: no status effects
A: almost no armour, stealthy swim, amphibious, 8 rings, constrict 8, camouflage
1, gelatinous body 1
a: no special abilities


You were on level 4 of the Dungeon.
You were hungry.

You visited 1 branch of the dungeon, and saw 4 of its levels.

You collected 159 gold pieces.

Inventory:

Hand Weapons
 s - a +3 dagger (weapon)
 u - a +2 hunting sling of flaming
Missiles
 b - 40 sling bullets
 d - 73 bolts
 g - 70 stones (quivered)
 l - 79 arrows
Armour
 a - a +0 hat (worn)
 f - a +0 buckler
Jewellery
 e - a ring of protection from fire (left tentacle)
Scrolls
 i - 2 scrolls of teleportation {unknown}
 j - a scroll of amnesia {unknown}
 k - a scroll of fear
 p - a scroll of immolation {unknown}
 r - 2 scrolls of identify {unknown}
 w - a scroll of remove curse
 x - a scroll of enchant weapon {unknown}
Potions
 h - a potion of curing {unknown}
 m - 2 potions of heal wounds {unknown}
 n - a potion of ambrosia {unknown}
 q - a potion of invisibility {unknown}
 t - a potion of cancellation {unknown}
 v - 3 potions of stabbing {unknown}
Comestibles
 c - 9 rations


   Skills:
 + Level 2.0 Fighting
 - Level 2.0 Dodging
 + Level 4.2 Stealth
 + Level 1.7 Shields
 + Level 3.6 Spellcasting
 + Level 2.3 Conjurations
 - Level 1.0 Summonings
 - Level 1.0 Translocations


You had 3 spell levels left.
You knew the following spells:

 Your Spells              Type           Power        Failure   Level  Hunger
a - Magic Dart            Conj           ##..         4%          1    None
c - Mephitic Cloud        Conj/Pois/Air  #.......     26%         3    ###....
e - Call Imp              Summ           #.......     12%         2    #......
y - Blink                 Tloc           N/A          12%         2    #......

Your spell library contained the following spells:

 Spells                   Type           Power        Failure   Level  Hunger
 Slow                     Hex            #.......     19%         2    #......
 Conjure Flame            Conj/Fire      #.......     22%         3    ###....


Dungeon Overview and Level Annotations

Branches:
Dungeon (4/15)
 Temple: D:4-7

Altars:
Dithmenos


Innate Abilities, Weirdness & Mutations

You cannot wear most types of armour.
You are very stealthy in the water. (Stealth+)
You are amphibious.
You can wear up to eight rings at the same time.
You can use your tentacles to constrict eight enemies at once.
Your skin changes colour to match your surroundings (Stealth+).
Your rubbery body absorbs attacks. (AC +1, EV +1)


Message History

Beogh smites you!
You hit the orc priest. You grab the orc priest. You squeeze the orc priest.
The orc priest is severely wounded.
You constrict the orc priest.
The orc barely misses the orc priest.
The orc priest struggles to escape constriction.
You hit the orc priest.
You kill the orc priest!
Your Fighting skill increases to level 2!
The orc barely misses the orc.
The orc hits itself.
You hit the orc priest. You grab the orc priest.
The orc priest is moderately wounded.
You constrict the orc priest. The orc priest hits you.
* * * LOW HITPOINT WARNING * * *
You hit the orc priest.
You squeeze the orc priest, but do no damage.
The orc priest is heavily wounded.
You constrict the orc priest.
The orc priest calls down the wrath of Beogh upon you.
Beogh smites you!
You die...

.#....<## ##...........#
......... ..........[.#
......... ...........#
........#####......)...#
.........<.............#
.....[...####.w...o....#
................os..####
........########o# ....#
........########@#.....#
........'..........r....
........###########.....
........# .... #########
##.


You could see a worm, a scorpion (confused), an orc priest, 2 orcs and a quokka.

Vanquished Creatures
  An orc priest (D:4)
  A bullfrog skeleton (D:4)
  4 adders
  An adder skeleton (D:4)
  3 worms
  An orc (D:3)
  3 giant cockroaches
  6 goblins
  7 hobgoblins
  5 jackals (D:3)
  A quokka (D:3)
  8 bats
  A frilled lizard (D:2)
  6 kobolds
  9 rats
57 creatures vanquished.

Notes
Turn   | Place    | Note
-------+----------+-------------------------------------------
     0 | D:1      | Gunnerkreig the Octopode Wizard began the quest for the
                  | Orb.
     0 | D:1      | Reached XP level 1. HP: 11/11 MP: 4/4
   187 | D:1      | Reached skill level 3 in Stealth
   187 | D:1      | Reached XP level 2. HP: 8/18 MP: 0/6
   705 | D:2      | Reached skill level 1 in Fighting
   705 | D:2      | Reached XP level 3. HP: 23/23 MP: 1/7
   860 | D:2      | Found a shadowy altar of Dithmenos.
  1210 | D:2      | Reached skill level 1 in Shields
  1393 | D:2      | Reached XP level 4. HP: 28/28 MP: 7/9
  2927 | D:4      | Reached skill level 4 in Stealth
  2927 | D:4      | Reached XP level 5. HP: 14/34 MP: 0/10
  3147 | D:4      | Learned a level 2 spell: Call Imp
  3151 | D:4      | Learned a level 3 spell: Mephitic Cloud
  3154 | D:4      | Learned a level 2 spell: Blink
  3165 | D:4      | Killed from afar by an orc priest

Levels and vault maps discovered:
D:1:      wander_arrival_peaceful_grave, layout_rooms
D:2:      layout_loops_ring, grunt_dithmenos_smoke_and_mirrors, serial_forest,
          infiniplex_forest_clump_small, infiniplex_forest_clump_tiny,
          infiniplex_forest_clump_small, infiniplex_forest_straight_4,
          infiniplex_forest_straight_5, infiniplex_forest_zigzag_1,
          infiniplex_forest_lined_2, infiniplex_forest_clump_medium,
          infiniplex_forest_lined_room_2
D:3:      layout_loops_ring, kennysheep_generic_room_4
D:4:      layout_basic, overflow_temple_1_default, kennysheep_little_box,
          first_ration, uniq_ijyb

Skill      XL: |  1  2  3  4  5 |
---------------+----------------+-----
Stealth        | 3 4 |  4.2
Fighting       | 1 2 |  2.0
Shields        | 1 |  1.7
Conjurations   | 2 |  2.3
Dodging        | |  2.0
Spellcasting   | |  3.6
Summonings     | |  1.0
Translocations | |  1.0

Action                   |  1- 3 |  4- 6 || total
-------------------------+-------+-------++-------
Melee: Unarmed           |    32 |       ||    32
       Constrict         |    12 |     6 ||    18
       Tentacles         |     4 |     3 ||     7
       Dagger            |       |    29 ||    29
 Fire: Hunting sling     |       |    18 ||    18
 Cast: Magic Dart        |    59 |    74 ||   133
       Mephitic Cloud    |       |     1 ||     1
  Use: Scroll            |       |     2 ||     2
  Eat: Chunk             |     1 |     5 ||     6
Armor: Skin              |     5 |     2 ||     7
Dodge: Dodged            |    40 |    35 ||    75

Table legend:
 A = Non-vault XP
 B = Vault XP
 C = Vault XP percentage of total XP
 D = Non-vault monster count
 E = Vault monster count
 F = Vault count percentage of total count
                 A         B        C        D         E       F
            +---------+---------+-------+---------+---------+-------
      Total |     224 |       5 |   2.2 |      55 |       2 |   3.5
            +---------+---------+-------+---------+---------+-------
        D:1 |      27 |       0 |   0.0 |      19 |       0 |   0.0
        D:2 |      56 |       0 |   0.0 |      11 |       0 |   0.0
        D:3 |      54 |       5 |   8.5 |      22 |       2 |   8.3
        D:4 |      87 |       0 |   0.0 |       3 |       0 |   0.0
            +---------+---------+-------+---------+---------+-------
